 Dungeon Crawl Stone Soup version 0.26-a0-597-gb535b0901c (webtiles) character file.

Game seed: 15135457727801472183

14565 Eros the Protected (level 11, -6/90 HPs)
             Began as a Demonspawn Transmuter on Sept 2, 2020.
             Was the Champion of Jiyva.
             Mangled by a minotaur (16 damage)
             ... in a Gauntlet.
             The game lasted 00:43:21 (19882 turns).

Eros the Protected (Demonspawn Transmuter)         Turns: 19882, Time: 00:43:22

Health: -6/90      AC: 21    Str: 28    XL:     11   Next: 90%
Magic:  15/15      EV: 10    Int: 12    God:    Jiyva [******]
Gold:   398        SH:  0    Dex: 12    Spells: 12/15 levels left

rFire    . . .     SeeInvis .   a - +4 war axe (vorpal)
rCold    . . .     Faith    .   (no shield)
rNeg     . . .     Spirit   .   G - +0 plate armour
rPois    +         Reflect  .   B - +0 hat {MR+}
rElec    +         Harm     .   y - +0 cloak {rCorr}
rCorr    +         NoTele   +   D - +1 pair of gloves
MR       +....                  Q - +0 pair of boots
Stlth    ..........             (no amulet)
HPRegen  0.25/turn              S - ring "Puakhli" {rElec rPois rC- Str+6}
MPRegen  0.14/turn              s - ring of protection from cold

@: stab, hasted, very quick
A: claws 1, hooves 1, agile 2, demonic guardian 1, shaggy fur 1, electricity
resistance, jelly absorbing missiles, rot immunity, sturdy frame 2
a: Request Jelly, Slimify, Cure Bad Mutation, Renounce Religion


You were in a Gauntlet.
You worshipped Jiyva.
Jiyva was exalted by your worship.
You visited 2 branches of the dungeon, and saw 13 of its levels.
You also visited: Ossuary and Gauntlet.

You collected 469 gold pieces.
You spent 71 gold pieces at shops.

Inventory:

Hand Weapons
 a - a +4 vorpal war axe (weapon)
 b - a +2 whip of electrocution
 j - a +2 hand axe of freezing
 F - a +2 morningstar of draining
 P - a +0 war axe
Missiles
 g - 2 atropa-tipped darts
 k - a throwing net
 u - 5 poisoned darts (quivered)
 A - 11 boomerangs
Armour
 l - a +1 chain mail of cold resistance
 r - a +2 helmet
 y - a +0 cloak of preservation (worn)
 B - a +0 hat of magic resistance (worn)
 D - a +1 pair of gloves (worn)
 G - a +0 plate armour (worn)
 Q - a +0 pair of boots (worn)
Jewellery
 s - a ring of protection from cold (right hand)
 w - an uncursed ring of ice
 K - an uncursed ring of protection from fire
 N - an uncursed ring of poison resistance
 S - the ring "Puakhli" (left hand) {rElec rPois rC- Str+6}
   (You found it in a Gauntlet)

   [ring of strength]

   It affects your strength (+6).
   It makes you vulnerable to cold.
   It insulates you from electricity.
   It protects you from poison.
Wands
 E - a wand of enslavement (10)
 L - a wand of acid (14)
Scrolls
 c - 7 scrolls of remove curse
 d - a scroll of enchant weapon {unknown}
 e - 3 scrolls of random uselessness {unknown}
 f - 5 scrolls of teleportation
 n - 2 scrolls of noise {unknown}
 o - a scroll of immolation {unknown}
 p - a scroll of blinking {unknown}
 t - 3 scrolls of enchant armour {unknown}
 v - a scroll of fog {unknown}
 x - a scroll of magic mapping
 M - a scroll of identify
 O - a scroll of brand weapon {unknown}
 R - a scroll of fear {unknown}
Potions
 h - a potion of invisibility
 i - 2 potions of ambrosia
 m - 3 potions of curing
 q - a potion of haste
 H - a potion of flight
 I - a potion of lignification
 J - a potion of brilliance


   Skills:
 * Level 10.1 Fighting
 * Level 9.1 Axes
 + Level 5.3 Throwing
 + Level 10.6 Armour
 - Level 1.7 Dodging
 - Level 2.7 Unarmed Combat
 * Level 2.7 Spellcasting
 * Level 2.2 Transmutations


You had 12 spell levels left.
You knew the following spells:

 Your Spells              Type           Power        Failure   Level
a - Beastly Appendage     Tmut           #.....       34%         1
b - Wereblood             Tmut           #.......     45%         2

Your spell library contained the following spells:

 Spells                   Type           Power        Failure   Level
 Spider Form              Tmut/Pois      #.........   86%         3
 Ice Form                 Ice/Tmut       #.......     99%         4
 Blade Hands              Tmut           #.........   100%        5


Dungeon Overview and Level Annotations

Branches:
Dungeon (12/15)            Temple (1/1) D:5            Lair (0/6) D:10
    Orc (0/2) D:12        Ossuary (visited)         Gauntlet (1/1)

Altars:
Ashenzari
Dithmenos
Elyvilon
Fedhas
Gozag
Hepliaklqana
Kikubaaqudgha
Makhleb
Nemelex Xobeh
Okawaru
Qazlal
Ru
Sif Muna
Trog
Uskayaw
Vehumet
Wu Jian
Xom
Yredelemnul
Zin
The Shining One
Jiyva

Shops:
D:8 (   D:11 ?

Annotations:
D:1 exclusion: downstairs
D:3 exclusion: door Gauntlet 6 transporters


Innate Abilities, Weirdness & Mutations

You have sharp fingernails.
A weak demonic guardian rushes to your aid.
You are immune to rotting.
Your movements are less encumbered by armour. (ER -4)
You have large cloven feet.
You are very agile. (Dex +4)
You are covered in fur. (AC +1)
You are resistant to electric shocks. (rElec)
You have a small jelly attached to you that may absorb incoming projectiles.


Message History

You barely miss the minotaur.
The minotaur is severely wounded.
Unknown command.
You hit the minotaur.
The minotaur is almost dead.
The minotaur hits you.
* * * LOW HITPOINT WARNING * * *
The minotaur gores you!
* * * LOW HITPOINT WARNING * * *
Unknown command.
You hit the minotaur but do no damage.
The minotaur is almost dead.
The minotaur hits you but does no damage.
The minotaur gores you but does no damage.
Unknown command.
Okay, then.
You barely miss the minotaur.
The minotaur is almost dead.
The minotaur hits you!
You die...

##§.#.=.©!!Y#..#..†.©....#..≈#
#§§.#########..###########..##
##...§.......∩..............§#
#≈§.§.......................##
###§#≈#§#≈########≈#≈#≈#≈#≈##
#########.©..©J###########
###......######
..............#
.......@......#
.##.##H##.##.## #. #. .# # .
.. .. . .## #.# #. .# . .. .#
#.


You could see a minotaur and a neutral jelly (wandering) (fellow slime).

Vanquished Creatures
  A two-headed ogre (D:9)
  An unseen horror (D:10)
  4 ugly things
  An ice statue (Gauntlet)
  2 rime drakes (Gauntlet)
  Grinder (D:5)
  2 hippogriffs (D:11)
  2 wyverns
  25 yaks
  Menkaure (D:6)
  2 wargs (D:9)
  A sky beast (D:7)
  5 orc warriors
  An ice beast (D:5)
  6 ogres
  A phantom (D:3)
  A black bear (D:11)
  A crocodile (D:11)
  3 big kobolds
  4 elf zombies (Ossuary)
  3 bullfrogs
  A water moccasin skeleton (D:5)
  2 scorpions
  11 wights
  4 killer bees (D:10)
  4 centaur zombies
  3 hounds
  4 human zombies (Ossuary)
  Crazy Yiuf (D:2)
  An orc priest (D:11)
  A bullfrog skeleton (D:7)
  3 iguanas
  Terence (D:3)
  Natasha (thrice) (D:3)
  8 orc wizards
  4 worker ants
  A killer bee zombie (D:7)
  A howler monkey zombie (D:7)
  3 mummies (Ossuary)
  Robin (D:3)
  11 gnolls
  A worker ant zombie (D:5)
  9 adders
  A white imp (D:5)
  2 ufetubi
  An adder skeleton (D:4)
  2 worms
  4 dart slugs
  4 leopard geckos
  27 orcs
  A ball python (D:4)
  9 giant cockroaches
  13 goblins
  14 hobgoblins
  9 jackals
  3 quokkas
  4 bats
  5 frilled lizards
  5 kobolds
  A quokka skeleton (D:5)
  3 rats
254 creatures vanquished.

Vanquished Creatures (collateral kills)
  Snorg (D:10)
  Harold (D:11)
  Pikel (D:3)
  A gargoyle (D:11)
  A centaur skeleton (D:11)
  2 yaks
  A wraith (D:11)
  A warg (D:9)
  Edmund (D:5)
  An orc warrior (D:7)
  A necrophage (D:8)
  A sky beast (D:8)
  An ogre (D:11)
  A centaur (D:6)
  An elf zombie (Ossuary)
  A gnoll sergeant (D:6)
  A killer bee (D:10)
  A wight (D:10)
  2 orc priests
  2 orc wizards
  2 adders (D:2)
  A gnoll (D:6)
  3 orcs
29 creatures vanquished.

Vanquished Creatures (others)
  A great orb of eyes (Gauntlet)
  A shadow (D:7)
  A yak (D:11)
  An orc warrior (D:7)
  An ice beast (D:9)
  A human (D:3)
  3 big kobolds
  A bullfrog (D:9)
  19 jellies
  A scorpion (D:7)
  A quasit (D:6)
  3 orc priests
  3 orc wizards
  3 bullfrog skeletons
  An iguana (D:7)
  A worker ant (D:9)
  A white imp (D:7)
  An adder zombie (D:7)
  An adder skeleton (D:7)
  11 orcs
  12 kobolds
  A ball python (D:7)
  A quokka skeleton (D:7)
  A fungus (Gauntlet)
  13 plants
84 creatures vanquished.

Grand Total: 367 creatures vanquished

Notes
Turn   | Place    | Note
-------+----------+-------------------------------------------
     0 | D:1      | Eros the Demonspawn Transmuter began the quest for the Orb.
     0 | D:1      | Reached XP level 1. HP: 15/15 MP: 3/3
   661 | D:1      | Gained mutation: A weak demonic guardian rushes to your
                  | aid. [demonic ancestry]
   661 | D:1      | Reached XP level 2. HP: 19/21 MP: 1/5
  1590 | D:1      | Reached skill level 1 in Armour
  2046 | D:2      | Gained mutation: Your movements are slightly less
                  | encumbered by armour. (ER -2) [demonic ancestry]
  2046 | D:2      | Reached XP level 3. HP: 25/27 MP: 6/6
  2598 | D:2      | Found a runed translucent door.
  2599 | D:2      | Noticed Crazy Yiuf
  2968 | D:3      | Gained mutation: You are immune to rotting. [demonic
                  | ancestry]
  2968 | D:3      | Reached XP level 4. HP: 25/34 MP: 5/7
  3049 | D:3      | Found an ancient bone altar of Kikubaaqudgha.
  3086 | D:3      | Noticed Natasha
  3106 | D:3      | Killed Natasha
  3106 | D:3      | Reached skill level 1 in Axes
  3619 | D:3      | Noticed Robin
  3867 | D:3      | Killed Robin
  4137 | D:3      | Found a shimmering blue altar of Sif Muna.
  4141 | D:3      | Learned a level 2 spell: Wereblood
  4589 | D:3      | Noticed Natasha
  4595 | D:3      | Killed Natasha
  4595 | D:3      | Reached XP level 5. HP: 33/39 MP: 5/8
  4659 | D:3      | Noticed Terence
  4678 | D:3      | Killed Terence
  4829 | D:3      | Found an ancient bone altar of Kikubaaqudgha.
  5023 | D:3      | Noticed a human
  5025 | D:3      | Killed a human
  5278 | D:4      | Noticed a phantom
  6077 | D:4      | Noticed Pikel
  6077 | D:4      | Noticed a lemure
  6077 | D:4      | Noticed a lemure
  6077 | D:4      | Noticed a lemure
  6213 | D:3      | Killed Pikel
  6213 | D:3      | Reached skill level 1 in Throwing
  6213 | D:3      | Reached XP level 6. HP: 43/47 MP: 9/9
  6435 | D:4      | Reached XP level 7. HP: 52/52 MP: 10/10
  6856 | D:4      | Reached skill level 5 in Armour
  7193 | D:5      | Entered Level 5 of the Dungeon
  7197 | D:5      | Noticed Grinder
  7220 | D:5      | Paralysed by Grinder for 3 turns
  7227 | D:5      | Killed Grinder
  7455 | D:5      | Noticed Edmund
  7469 | D:5      | Killed Edmund
  7469 | D:5      | Reached XP level 8. HP: 58/60 MP: 11/11
  7509 | D:5      | Found a blossoming altar of Fedhas.
  7516 | D:5      | Found a stormy altar of Qazlal.
  7846 | D:5      | Found a basalt altar of Yredelemnul.
  7897 | D:5      | Found a staircase to the Ecumenical Temple.
  8147 | Temple   | Entered the Ecumenical Temple
  8170 | Temple   | Became a worshipper of Jiyva Jacec the Shapeless
  9215 | D:3      | Found an ancient bone altar of Kikubaaqudgha.
  9285 | D:3      | Noticed Natasha
  9287 | D:3      | Found an ancient bone altar of Kikubaaqudgha.
  9290 | D:3      | Killed Natasha
 10037 | D:6      | Found a shadowy altar of Dithmenos.
 10100 | D:6      | Found a basalt altar of Yredelemnul.
 10293 | D:5      | Reached * piety under Jiyva
 10764 | D:3      | Found an ancient bone altar of Kikubaaqudgha.
 10821 | D:3      | Found an ancient bone altar of Kikubaaqudgha.
 11727 | D:2      | Found a runed translucent door.
 11809 | D:2      | Killed Crazy Yiuf
 12472 | D:6      | Reached ** piety under Jiyva
 12754 | D:6      | Found an opulent altar of Gozag.
 12801 | D:6      | Found a sacrificial altar of Ru.
 12877 | D:6      | Noticed Menkaure
 12886 | D:6      | Killed Menkaure
 13163 | D:6      | Found an opulent altar of Gozag.
 13210 | D:6      | Found a sacrificial altar of Ru.
 13355 | D:6      | Found a basalt altar of Yredelemnul.
 13367 | D:6      | Found a shadowy altar of Dithmenos.
 13425 | D:7      | Reached skill level 5 in Fighting
 13428 | D:7      | Reached *** piety under Jiyva
 13437 | D:7      | Gained mutation: You do not regenerate when monsters are
                  | visible. [Jiyva's grace]
 13649 | D:7      | Reached **** piety under Jiyva
 13731 | D:7      | Gained mutation: Your movements are less encumbered by
                  | armour. (ER -4) [demonic ancestry]
 13731 | D:7      | Reached XP level 9. HP: 58/68 MP: 12/12
 13861 | D:7      | Gained mutation: Your system is resistant to poisons.
                  | (rPois) [Jiyva's grace]
 13943 | D:7      | Reached ***** piety under Jiyva
 13993 | D:7      | Gained mutation: You have a small jelly attached to you
                  | that may absorb incoming projectiles. [Jiyva's grace]
 14180 | D:7      | Lost mutation: Your system is resistant to poisons. (rPois)
                  | [Jiyva's grace]
 14350 | D:7      | Found a white marble altar of Elyvilon.
 14368 | D:7      | Found an opulent altar of Gozag.
 14368 | D:7      | Found a shadowy altar of Dithmenos.
 14370 | D:7      | Found a shattered altar of Ashenzari.
 14370 | D:7      | Found a shimmering altar of Xom.
 14584 | D:7      | Found a glowing golden altar of the Shining One.
 14666 | D:8      | Found a sand-covered staircase.
 14736 | Ossuary  | Entered an ossuary
 15129 | D:8      | Gained mutation: You occasionally shout uncontrollably at
                  | your foes. [Jiyva's grace]
 15188 | D:8      | Reached ****** piety under Jiyva
 15194 | D:8      | Found a white marble altar of Elyvilon.
 15194 | D:8      | Found a sparkling altar of Nemelex Xobeh.
 15200 | D:8      | Found a radiant altar of Vehumet.
 15202 | D:8      | Found a bloodstained altar of Trog.
 15203 | D:8      | Found an opulent altar of Gozag.
 15221 | D:8      | Found Raipp's Antique Weapon Emporium.
 15402 | D:8      | Found a glowing golden altar of the Shining One.
 15501 | D:8      | Found a hide-covered altar of Uskayaw.
 15584 | D:8      | Lost mutation: You occasionally shout uncontrollably at
                  | your foes. [Jiyva's power]
 15585 | D:8      | Lost mutation: You do not regenerate when monsters are
                  | visible. [Jiyva's power]
 15760 | D:9      | Gained mutation: You have large cloven feet. [Jiyva's
                  | grace]
 15763 | D:9      | Noticed a two-headed ogre
 15775 | D:9      | Killed a two-headed ogre
 15775 | D:9      | Reached XP level 10. HP: 49/77 MP: 13/13
 15856 | D:9      | Reached skill level 10 in Armour
 16134 | D:9      | Gained mutation: You are agile. (Dex +2) [Jiyva's grace]
 16304 | D:9      | Reached skill level 5 in Axes
 16609 | D:10     | Entered Level 10 of the Dungeon
 16636 | D:10     | Found a staircase to the Lair.
 16672 | D:9      | Gained mutation: You are very agile. (Dex +4) [Jiyva's
                  | grace]
 16947 | D:10     | Noticed Snorg
 16965 | D:10     | Killed Snorg
 17483 | D:10     | Killed an unseen horror
 17581 | D:10     | Gained mutation: You are covered in slimy tendrils that may
                  | disarm your opponents. [Jiyva's grace]
 17612 | D:10     | Reached skill level 5 in Throwing
 17637 | D:10     | Gained mutation: You have sharp fingernails. [demonic
                  | ancestry]
 17637 | D:10     | Reached XP level 11. HP: 78/87 MP: 14/14
 18632 | D:11     | Gained mutation: You are covered in fur. (AC +1) [Jiyva's
                  | grace]
 18634 | D:11     | Noticed a red ugly thing
 18638 | D:11     | Noticed a green ugly thing
 18647 | D:11     | Killed a green ugly thing
 18658 | D:11     | Killed a green ugly thing
 18745 | D:11     | Lost mutation: You are covered in slimy tendrils that may
                  | disarm your opponents. [Jiyva's grace]
 18902 | D:11     | Noticed Harold
 18919 | D:11     | Killed Harold
 19172 | D:11     | Found Pibypt's Magic Scroll Shoppe.
 19178 | D:11     | Bought a scroll of magic mapping for 45 gold pieces
 19178 | D:11     | Bought a scroll of identify for 26 gold pieces
 19342 | D:11     | Reached skill level 10 in Fighting
 19419 | D:11     | Gained mutation: You are resistant to electric shocks.
                  | (rElec) [Jiyva's grace]
 19513 | D:12     | Found a gate leading to a gauntlet.
 19520 | Gauntlet | Entered a Gauntlet
 19520 | Gauntlet | Found a transporter.
 19520 | Gauntlet | Found a transporter.
 19521 | Gauntlet | Found a transporter.
 19522 | Gauntlet | Found a transporter.
 19525 | Gauntlet | Found a transporter.
 19525 | Gauntlet | Found a transporter.
 19531 | Gauntlet | Found a transporter.
 19532 | Gauntlet | Noticed a catoblepas
 19533 | Gauntlet | Found a transporter.
 19534 | Gauntlet | Found a transporter.
 19534 | Gauntlet | Killed a great orb of eyes
 19536 | Gauntlet | Found a transporter.
 19539 | Gauntlet | Noticed a catoblepas
 19544 | Gauntlet | Found a transporter.
 19549 | Gauntlet | Found a transporter.
 19549 | Gauntlet | Noticed a green ugly thing
 19550 | Gauntlet | Noticed a purple ugly thing
 19840 | Gauntlet | Got a crude jade ring
 19852 | Gauntlet | Killed a white ugly thing
 19855 | Gauntlet | Killed a green ugly thing
 19859 | Gauntlet | Identified the ring "Puakhli" {rElec rPois rC- Str+6} (You
                  | found it in a Gauntlet)
 19862 | Gauntlet | Noticed a minotaur
 19882 | Gauntlet | Mangled by a minotaur

Illustrated notes

Levels and vault maps discovered:
D:1:      minmay_arrival_radiant_lines, layout_basic
D:2:      layout_rooms, uniq_crazy_yiuf_cottage
D:3:      layout_basic, kiku_gazebo_pond_becter, led_sif_book,
          tgw_kikubaaqudgha, uniq_natasha, uniq_robin, uniq_terence
D:4:      layout_basic, minmay_misc_feat_square, uniq_pikel
D:5:      layout_basic, nicolae_qazlal_general_emergency, lemuel_crystal_altar,
          minmay_temple_entry_poolview, grunt_ministairs_12,
          minmay_misc_feat_cross, serial_bayou_pond_d, fedhas_ov_isle_minmay,
          uniq_edmund, uniq_grinder
D:6:      layout_basic, lemuel_round_altar, old_standard_altar, basic_altar,
          grunt_gozag_statues, uniq_menkaure
D:7:      minmay_the_grid_octo_tiled_squarecenter
          [minmay_the_grid_octo_checkerflower, minmay_the_grid_octo_toaster,
          minmay_the_grid_octo_77, minmay_the_grid_octo_shrine,
          minmay_the_grid_square_5x5_megaprize_checkered,
          minmay_the_grid_square_5x5_tetrominoes,
          minmay_the_grid_square_5x5_tie,
          minmay_the_grid_square_5x5_fancy_junction,
          minmay_the_grid_square_5x5_mess], layout_loops_ring, tso_oasis_becter,
          elyvilon_altar_5
D:8:      layout_cave_pools, kennysheep_mini_moat,
          chequers_temple_overflow_minitemple, serial_shops, shop,
          nicolae_ossuary_entry_false_entrances, tso_metal_star
D:9:      layout_loops_corners
D:10:     layout_basic, erik_lair_orcish_takeover, grunt_ministairs_3,
          corexii_checkpoint_a, kennysheep_generic_room_2, uniq_snorg
D:11:     layout_gridville, serial_shops, shop_scrolls, uniq_harold
D:12:     layout_small_grid, orc_0_dummy, gauntlet_entry_generic
Temple:   pf_slimified_temple
Gauntlet: minmay_gauntlet_mixed_big_or_small
          [gammafunk_gauntlet_arena_split_diamond, minmay_gauntlet_arena_77_box,
          gammafunk_gauntlet_arena_corners, minmay_gauntlet_arena_77_braids,
          gammafunk_gauntlet_arena_split_x, minmay_gauntlet_arena_77_two_paths,
          gauntlet_exit_green]

Skill      XL: |  1  2  3  4  5  6  7  8  9 10 11 |
---------------+----------------------------------+-----
Fighting       | 2 3 4 5 6 8 10 | 10.1
Armour         | 1 2 4 5 7 9 10 | 10.6
Axes           | 1 2 3 4 5 9 |  9.1
Throwing       | 1 2 3 4 5 |  5.3
Transmutations | 2 |  2.2
Dodging        | |  1.7
Unarmed Combat | |  2.7
Spellcasting   | |  2.7

Action                   |  1- 3 |  4- 6 |  7- 9 | 10-12 || total
-------------------------+-------+-------+-------+-------++-------
Melee: Unarmed           |    34 |       |       |       ||    34
       Kick              |    18 |    13 |     2 |    91 ||   124
       Headbutt          |     8 |     8 |       |       ||    16
       Punch             |     1 |       |     5 |    11 ||    17
       Hand axe          |    71 |   112 |    52 |    46 ||   281
       Whip              |       |     8 |   446 |   231 ||   685
       War axe           |       |       |       |   141 ||   141
Throw: Dart              |       |    31 |    35 |    17 ||    83
       Boomerang         |       |       |     8 |     4 ||    12
 Cast: Beastly Appendage |    20 |    13 |       |       ||    33
Invok: Cure Bad Mutation |       |       |     2 |       ||     2
  Use: Potion            |     1 |       |       |     8 ||     9
       Scroll            |       |     2 |     6 |     4 ||    12
 Stab: Distracted        |       |       |     1 |     7 ||     8
       Sleeping          |       |       |       |     2 ||     2
Armor: Robe              |     7 |       |       |       ||     7
       Scale mail        |    46 |    66 |   123 |       ||   235
       Plate armour      |       |       |    92 |    18 ||   110
       Chain mail        |       |       |    11 |   231 ||   242
Dodge: Dodged            |    74 |    82 |   219 |   204 ||   579

Table legend: (Time is in decaauts)
 A = Elapsed time spent in this place.
 B = Non-inter-level travel time spent in this place.
 C = Inter-level travel time spent in this place.
 D = Time resting spent in this place.
 E = Time spent auto-exploring this place.
 F = Levels seen in this place.
 G = Mean time per level.
                   A        B        C        D        E       F      G
               +--------+--------+--------+--------+--------+-----+--------+
         Total |  19905 |  18841 |   1064 |   3469 |  12060 |  15 | 1327.0 |
       Dungeon |  19256 |  18193 |   1063 |   3400 |  11818 |  12 | 1604.7 |
        Temple |     27 |     27 |      0 |      0 |      0 |   1 |   27.0 |
       Ossuary |    260 |    260 |      0 |      0 |    107 |   1 |  260.0 |
      Gauntlet |    360 |    360 |      0 |     69 |    135 |   1 |  360.0 |
               +--------+--------+--------+--------+--------+-----+--------+

Top non-repeatable levels by time:
     D:3: 3880 daAuts
     D:4: 2903 daAuts
     D:2: 2037 daAuts
     D:1: 2036 daAuts
     D:5: 1432 daAuts
    D:10: 1328 daAuts
     D:9: 1272 daAuts
    D:11: 1271 daAuts
     D:7: 1214 daAuts
     D:6: 1159 daAuts
     D:8: 711 daAuts
Gauntlet: 360 daAuts
 Ossuary: 260 daAuts
  Temple: 27 daAuts
    D:12: 10 daAuts
